 Dungeon Crawl Stone Soup version 0.29-a0-275-g389c0b56f3 (webtiles) character file.

Game seed: 15384412383967444876

39 siradein the Vexing (level 3, -3/26 HPs)
             Began as a Vampire Arcane Marksman on Mar 9, 2022.
             Slain by an adder (5 damage)
             ... on level 1 of the Dungeon.
             The game lasted 00:03:31 (1101 turns).

siradein the Vexing (Vampire Arcane Marksman)       Turns: 1101, Time: 00:03:33

Health: -3/26      AC:  2    Str:  9    XL:     3   Next: 28%
Magic:  5/5        EV: 12    Int: 15    God:
Gold:   116        SH:  0    Dex: 16    Spells: 0/4 levels left

rFire   + . .      SeeInvis +   a - +0 hand crossbow
rCold   . . .      Faith    .   (no shield)
rNeg    . . .      Spirit   .   b - +0 robe
rPois   .          Reflect  .   (no helmet)
rElec   .          Harm     .   (no cloak)
rCorr   .          Rampage  .   (no gloves)
Will    .....                   (no boots)
Stlth   ++........              (no amulet)
HPRegen 0.28/turn               n - ring of protection from fire
MPRegen 0.09/turn               (no ring)

@: healing quickly
A: alive, fangs 3, see invisible, vampiric 2, evolution 2
a: Exsanguinate


You were on level 1 of the Dungeon.
You visited 1 branch of the dungeon, and saw 2 of its levels.

You collected 116 gold pieces.

Inventory:

Hand Weapons
 a - a +0 hand crossbow (weapon)
Armour
 b - a +0 robe (worn)
Jewellery
 n - a ring of protection from fire (left hand)
Scrolls
 c - a scroll of vulnerability
 d - a scroll of summoning {unknown}
 g - 2 scrolls of teleportation {unknown}
 h - a scroll of enchant weapon {unknown}
 i - a scroll of amnesia {unknown}
 j - a scroll of magic mapping {unknown}
 l - 2 scrolls of fog {unknown}
Potions
 e - a potion of haste
 k - a potion of degeneration {unknown}
 m - a potion of brilliance {unknown}


   Skills:
 + Level 1.4 Fighting
 + Level 1.9 Crossbows
 + Level 2.5 Dodging
 + Level 1.5 Stealth
 + Level 1.4 Spellcasting
 + Level 4.9 Hexes


You couldn't memorise any spells.
You knew the following spells:

 Your Spells              Type           Power      Damage    Failure   Level
a - Slow                  Hex            60%        N/A       3%          1
b - Inner Flame           Hex/Fire       8%         N/A       26%         3

Your spell library contained the following spells:

 Spells                   Type           Power      Damage    Failure   Level
 Portal Projectile        Hex/Tloc       16%        N/A       26%         3
 Cause Fear               Hex            7%         N/A       30%         4


Dungeon Overview and Level Annotations

Branches:
Dungeon (2/15)

Altars:


Innate Abilities, Weirdness & Mutations

Your natural rate of healing is accelerated.
You have razor-sharp teeth.
You have supernaturally acute eyesight. (SInv)
You are afflicted with vampirism and can become a bat while bloodless.
You have great hidden genetic potential.


Message History

Aiming: Slow (safe; 3% risk of failure)
Press: ? - help, Q - select action, (/) - cycle Shift-Dir - straight line, f/p - adder
Aim: an adder (slow, chance to affect: 63%)
The adder resists with significant effort.
* * * LOW HITPOINT WARNING * * *
You feel sick. The adder bites you.
* * * LOW HITPOINT WARNING * * *
The adder attacks as you move away! The adder closely misses you.
* * * LOW HITPOINT WARNING * * *
You feel sick.
You feel better. The adder attacks as you move away!
The adder barely misses you. The adder attacks as you move away!
The adder barely misses you.
You enter the shallow water.
Moving in this stuff is going to be slow.
The adder attacks as you move away! The adder closely misses you.
The adder completely misses you. The adder bites you.
* * * LOW HITPOINT WARNING * * *
The adder attacks as you move away! The adder barely misses you.
You enter the shallow water.
Moving in this stuff is going to be slow.
The adder attacks as you move away! The adder bites you but does no damage.
The adder bites you.
* * * LOW HITPOINT WARNING * * *
You enter the shallow water.
Moving in this stuff is going to be slow.
The adder is no longer moving slowly.
The adder bites you.
* * * LOW HITPOINT WARNING * * *
The adder closely misses you. The adder attacks as you move away!
The adder bites you.
* * * LOW HITPOINT WARNING * * *
The adder attacks as you move away! The adder barely misses you.
The adder attacks as you move away! The adder misses you.
Shoot: a) +0 hand crossbow
Press: ? - help, Q - select action, (/) - cycle Shift-Dir - straight line, f/p - adder
Aim: an adder (42% to hit)
You shoot a bolt. The bolt closely misses the adder.
The adder bites you but does no damage. The adder bites you.
You die...

#.#
#≈.≈≈.<.≈≈.≈#
#.#
#≈..≈≈≈.≈≈.≈#
#.#
#≈≈..≈..≈≈.≈#
#.#
#≈≈≈...≈≈..≈#
#.#
##.≈≈≈≈≈≈..≈≈#
#.#
#.8.......≈≈##
#.#
#..###++#####
#.# #S.(....#
#.# #@#######
#.# ##.# #.#
#..# #.# #.##
#.# #.# #.#
#.# #.###.#
#.##..#
#.##.##


You could see an adder.

Vanquished Creatures
  An adder (D:2)
  A worm (D:2)
  A dart slug (D:1)
  4 bats (D:1)
  2 endoplasms
  2 giant cockroaches (D:1)
  A goblin (D:1)
  3 hobgoblins
  A quokka (D:2)
  A ball python (D:2)
  4 kobolds
  4 rats
25 creatures vanquished.

Notes
Turn   | Place    | Note
-------+----------+-------------------------------------------
     0 | D:1      | siradein the Vampire Arcane Marksman began the quest for
                  | the Orb.
     0 | D:1      | Reached XP level 1. HP: 14/14 MP: 2/2
   115 | D:1      | Reached skill level 1 in Fighting
   230 | D:1      | Reached XP level 2. HP: 18/21 MP: 1/3
   278 | D:1      | Reached skill level 1 in Stealth
   684 | D:1      | Gained mutation: You have hidden genetic potential. [potion
                  | of mutation]
   829 | D:2      | Gained mutation: You are afflicted with vampirism and can
                  | become a bat while bloodless. [Vampire growth]
   829 | D:2      | Reached XP level 3. HP: 24/26 MP: 2/5
   833 | D:2      | Learned a level 3 spell: Inner Flame
  1035 | D:2      | Gained mutation: You have great hidden genetic potential.
                  | [hidden potential]
  1080 | D:1      | HP: 1/26 [poisoned by an adder]
  1098 | D:1      | HP: 1/26 [adder (3)]
  1101 | D:1      | Slain by an adder

Illustrated notes

Levels and vault maps discovered:
D:1:      psy_arrival_whirlpool, layout_basic
D:2:      minmay_diamond_boxcup, layout_basic

Skill      XL: |  1  2 |
---------------+-------+-----
Fighting       | 1 |  1.4
Stealth        | 1 |  1.5
Crossbows      | |  1.9
Dodging        | |  2.5
Spellcasting   | |  1.4
Hexes          | |  4.9

Action                   || total
-------------------------++-------
 Fire: Hand crossbow     ||    92
 Cast: Slow              ||    19
  Use: Scroll            ||     3
       Potion            ||     2
Armor: Robe              ||    19
Dodge: Dodged            ||    64

Table legend: (Time is in decaauts)
 A = Elapsed time spent in this place.
 B = Non-inter-level travel time spent in this place.
 C = Inter-level travel time spent in this place.
 D = Time resting spent in this place.
 E = Time spent auto-exploring this place.
 F = Levels seen in this place.
 G = Mean time per level.
                   A        B        C        D        E       F      G
               +--------+--------+--------+--------+--------+-----+--------+
         Total |   1142 |   1129 |     13 |      0 |    861 |   2 |  571.0 |
       Dungeon |   1142 |   1129 |     13 |      0 |    861 |   2 |  571.0 |
               +--------+--------+--------+--------+--------+-----+--------+

Top non-repeatable levels by time:
     D:1: 748 daAuts
     D:2: 394 daAuts
